 Dungeon Crawl Stone Soup version 0.29-a0-275-g389c0b56f3 (webtiles) character file.

Game seed: 5928676338510748515

2 Jinxxian the Firebug (level 1, 0/13 HPs)
             Began as a Demonspawn Fire Elementalist on Mar 12, 2022.
             Slain by a jackal (1 damage)
             ... on level 1 of the Dungeon.
             The game lasted 00:00:22 (47 turns).

Jinxxian the Firebug (Demonspawn Fire Elementalist)   Turns: 47, Time: 00:00:22

Health: 0/13       AC:  2    Str:  8    XL:     1   Next: 33%
Magic:  2/3        EV: 12    Int: 16    God:
Gold:   0          SH:  0    Dex: 13    Spells: 3/4 levels left

rFire   . . .      SeeInvis .   (no weapon)
rCold   . . .      Faith    .   (no shield)
rNeg    . . .      Spirit   .   a - +0 robe
rPois   .          Reflect  .   (no helmet)
rElec   .          Harm     .   (no cloak)
rCorr   .          Rampage  .   (no gloves)
Will    .....                   (no boots)
Stlth   ++........              (no amulet)
HPRegen 0.04/turn               (no ring)
MPRegen 0.08/turn               (no ring)

@: no status effects
A: no striking features
a: no special abilities


You were on level 1 of the Dungeon.
You visited 1 branch of the dungeon, and saw 1 of its levels.

Inventory:

Armour
 a - a +0 robe (worn)
Potions
 b - a potion of magic


   Skills:
 + Level 1.8 Dodging
 + Level 1.8 Stealth
 + Level 2.0 Spellcasting
 + Level 1.0 Conjurations
 + Level 2.7 Fire Magic


You had 3 spell levels left.
You knew the following spells:

 Your Spells              Type           Power      Damage    Failure   Level
a - Foxfire               Conj/Fire      28%        2x1d5     10%         1

Your spell library contained the following spells:

 Spells                   Type           Power      Damage    Failure   Level
 Scorch                   Fire           20%        2d6       11%         2
 Conjure Flame            Conj/Fire      7%         6-21      28%         3
 Inner Flame              Hex/Fire       6%         N/A       34%         3
 Flame Wave               Conj/Fire      7%         2d5       67%         4


Dungeon Overview and Level Annotations

Branches:
Dungeon (1/15)

Altars:


Message History

You barely miss the jackal.
The jackal is heavily wounded.
The jackal bites you but does no damage. x2
You closely miss the jackal.
The jackal is moderately wounded.
The jackal misses you. The jackal bites you. The jackal barely misses you.
The jackal bites you.
* * * LOW HITPOINT WARNING * * *
You hit the jackal but do no damage.
The jackal is moderately wounded.
The jackal bites you but does no damage.
The jackal misses you.
You hit the jackal.
The jackal is heavily wounded.
The jackal barely misses you. The jackal closely misses you.
The jackal barely misses you. The jackal closely misses you.
You hit the jackal.
The jackal is severely wounded.
The jackal bites you but does no damage.
The jackal bites you.
* * * LOW HITPOINT WARNING * * *
You hit the jackal but do no damage.
The jackal is severely wounded.
The jackal barely misses you. The jackal completely misses you.
You hit the jackal but do no damage.
The jackal is severely wounded.
The jackal closely misses you. x3; The jackal barely misses you.
You miss the jackal.
The jackal is severely wounded.
The jackal closely misses you. The jackal barely misses you.
You hit the jackal but do no damage.
The jackal is severely wounded.
The jackal misses you. x2; The jackal closely misses you.
The jackal misses you.
You closely miss the jackal.
The jackal is severely wounded.
The jackal barely misses you. x2
You hit the jackal but do no damage.
The jackal is severely wounded.
The jackal bites you.
You die...

#≈......≈#
#§......≈#
#§.....§§#
#≈..88..≈#
#§......≈#
#§......≈# #
#≈......§# #.
#8......8#
#.#####h@#####
#.#....h.....#
#....######..#
##...........#
#.h...####.##
#†##### #.# #.
#.# #. #.# #.
#.#


You could see 2 jackals.

Vanquished Creatures
  A ball python (D:1)
  A jackal (D:1)
2 creatures vanquished.

Vanquished Creatures (others)
  5 foxfires (D:1)
5 creatures vanquished.

Grand Total: 7 creatures vanquished

Notes
Turn   | Place    | Note
-------+----------+-------------------------------------------
     0 | D:1      | Jinxxian the Demonspawn Fire Elementalist began the quest
                  | for the Orb.
     0 | D:1      | Reached XP level 1. HP: 13/13 MP: 3/3
    47 | D:1      | Slain by a jackal

Illustrated notes

Levels and vault maps discovered:
D:1:      lightli_arrival_noodles, layout_loops_ring,
          ebering_ecumenical_altar_box

Action                   || total
-------------------------++-------
Melee: Unarmed           ||    16
 Cast: Foxfire           ||     3
Armor: Robe              ||     4
Dodge: Dodged            ||    37

Table legend: (Time is in decaauts)
 A = Elapsed time spent in this place.
 B = Non-inter-level travel time spent in this place.
 C = Inter-level travel time spent in this place.
 D = Time resting spent in this place.
 E = Time spent auto-exploring this place.
 F = Levels seen in this place.
 G = Mean time per level.
                   A        B        C        D        E       F      G
               +--------+--------+--------+--------+--------+-----+--------+
         Total |     47 |     47 |      0 |      0 |     19 |   1 |   47.0 |
       Dungeon |     47 |     47 |      0 |      0 |     19 |   1 |   47.0 |
               +--------+--------+--------+--------+--------+-----+--------+

Top non-repeatable levels by time:
     D:1: 47 daAuts
